 Dungeon Crawl Stone Soup version 0.27-a0-488-g88baaf19db (webtiles) character file.

Game seed: 13349015809669998590

492 Dirtsage the Ruffian (level 6, 0/44 HPs)
             Began as a Demonspawn Gladiator on Mar 1, 2021.
             Was a Follower of Qazlal.
             Succumbed to Edmund's poison
             ... on level 4 of the Dungeon.
             The game lasted 00:04:47 (3598 turns).

Dirtsage the Ruffian (Demonspawn Gladiator)         Turns: 3598, Time: 00:04:48

Health: 0/44       AC:  5    Str: 16      XL:     6   Next: 91%
Magic:  6/6        EV: 12    Int:  8 (9)  God:    Qazlal [*.....]
Gold:   150        SH:  1    Dex: 14 (15) Spells: 5/5 levels left

rFire    . . .     SeeInvis .     - Unarmed
rCold    + . .     Faith    .   (no shield)
rNeg     . . .     Spirit   .   a - +0 leather armour
rPois    .         Reflect  .   b - +0 helmet
rElec    .         Harm     .   r - scarf {shadows}
rCorr    .         Rampage  .   q - +0 pair of gloves
Will     .....                  (no boots)
Stlth    +.........             (no amulet)
HPRegen  0.14/turn              C - ring of protection from cold
MPRegen  0.10/turn              (no ring)

@: lethally poisoned (0 -> -10), flying, very slightly contaminated, invisible
A: foul stench 1, spiny 1
a: Renounce Religion


You were on level 4 of the Dungeon.
You worshipped Qazlal.
Qazlal was aware of your devotion.
You visited 1 branch of the dungeon, and saw 4 of its levels.

You collected 150 gold pieces.


Innate Abilities, Weirdness & Mutations

You may rarely emit foul miasma when damaged in melee.
You are partially covered in sharp spines.


   Skills:
 - Level 2.0 Fighting
 - Level 1.7 Throwing
 - Level 2.6 Dodging
 + Level 7.2 Unarmed Combat


You had 5 spell levels left.
You didn't know any spells.
Your spell library was empty.

Inventory:

Missiles
 c - 3 throwing nets (quivered) {=f}
Armour
 a - a +0 leather armour (worn)
 b - a +0 helmet (worn)
 i - a +0 cloak
 q - a +0 pair of gloves (worn)
 r - a scarf of shadows (worn)
Jewellery
 C - a ring of protection from cold (left hand)
Scrolls
 d - a scroll of teleportation {unknown}
 f - a scroll of noise {unknown}
 g - 10 scrolls of identify {unknown}
 h - a scroll of blinking {unknown}
 j - 3 scrolls of fog {unknown}
 m - 2 scrolls of random uselessness {unknown}
 n - a scroll of enchant armour {unknown}
 o - a scroll of fear {unknown}
 p - a scroll of magic mapping {unknown}
Potions
 k - a potion of flight

Dungeon Overview and Level Annotations

Branches:
Dungeon (4/15)
 Temple: D:4-7

Altars:
Cheibriados
Qazlal
The Shining One

........###
..........#......
.................####
..................#.###
......................#
.#....................#
...#.............°....#
†.###...........°.#...#
..##............@.....#
...##...........○....##
#.......[.).........##
..................###
.......#...##.#...#
)).....#....####.##
...........# ###
......###..# ......#
###


There were no monsters in sight!


Message History

You emit a cloud of foul miasma!
It was a potion of curing.
You feel better.
Edmund is engulfed in dark miasma.
Edmund is poisoned.
Edmund hits you with a +0 flail of venom.
* * * LOW HITPOINT WARNING * * *
You are lethally poisoned!
It was a potion of invisibility.
You fade into invisibility!
* * * LOW HITPOINT WARNING * * *
You feel sick.
Edmund is engulfed in dark miasma.
Edmund looks even sicker.
Edmund hits you but does no damage.
You are more poisoned.
You are very lightly contaminated with residual magic.
You hit Edmund.
Edmund is severely wounded.
* * * LOW HITPOINT WARNING * * *
You feel sick.
You barely miss Edmund. You punch Edmund.
Edmund is almost dead.
* * * LOW HITPOINT WARNING * * *
You feel sick.
Edmund is engulfed in dark miasma.
Edmund looks even sicker.
You kill Edmund!
Qazlal accepts your kill.
You feel your strength returning.
Your Unarmed Combat skill increases to level 7!
* * * LOW HITPOINT WARNING * * *
You feel sick.
* * * LOW HITPOINT WARNING * * *
You feel sick.
You die...

Skill      XL: |  1  2  3  4  5  6 |
---------------+-------------------+-----
Unarmed Combat | 3 4 5 6 7 |  7.2
Fighting       | |  2.0
Throwing       | |  1.7
Dodging        | |  2.6

Action                   |  1- 3 |  4- 6 || total
-------------------------+-------+-------++-------
Melee: Unarmed           |   117 |   118 ||   235
       Punch             |       |     3 ||     3
  Use: Potion            |       |     4 ||     4
 Stab: Sleeping          |     1 |       ||     1
Armor: Leather armour    |    51 |    31 ||    82
Dodge: Dodged            |    86 |    53 ||   139

Levels and vault maps discovered:
D:1:      saegor_arrival_simple_d, layout_loops_cross
D:2:      layout_basic, lemuel_round_altar, lemuel_crystal_altar
D:3:      layout_basic, nicolae_overflow_crystal_walls
D:4:      layout_cave_pools, serial_shops, nicolae_shop_trees, elyvilon_altar_4,
          uniq_edmund

Notes
Turn   | Place    | Note
-------+----------+-------------------------------------------
     0 | D:1      | Dirtsage the Demonspawn Gladiator began the quest for the
                  | Orb.
     0 | D:1      | Reached XP level 1. HP: 16/16 MP: 1/1
    67 | D:1      | Reached skill level 3 in Unarmed Combat
   246 | D:1      | Gained mutation: You may rarely emit foul miasma when
                  | damaged in melee. [demonic ancestry]
   246 | D:1      | Reached XP level 2. HP: 12/22 MP: 2/2
   985 | D:1      | Gained mutation: You are partially covered in sharp spines.
                  | [demonic ancestry]
   985 | D:1      | Reached XP level 3. HP: 27/27 MP: 3/3
  1144 | D:2      | Reached skill level 4 in Unarmed Combat
  1627 | D:2      | Reached XP level 4. HP: 33/33 MP: 4/4
  1921 | D:2      | Found a snail-covered altar of Cheibriados.
  1940 | D:2      | Noticed a bullfrog
  1945 | D:2      | Killed a bullfrog
  1946 | D:2      | Reached skill level 5 in Unarmed Combat
  1946 | D:2      | Reached XP level 5. HP: 31/38 MP: 5/5
  2016 | D:2      | Found a stormy altar of Qazlal.
  2029 | D:2      | Became a worshipper of Qazlal Stormbringer
  2482 | D:3      | Found a glowing golden altar of the Shining One.
  3351 | D:4      | Noticed an ogre
  3360 | D:4      | Reached skill level 6 in Unarmed Combat
  3363 | D:4      | Killed an ogre
  3364 | D:4      | Reached XP level 6. HP: 44/44 MP: 6/6
  3378 | D:4      | Reached * piety under Qazlal
  3577 | D:4      | Noticed Edmund
  3591 | D:4      | HP: 4/44 [poisoned by Edmund]
  3595 | D:4      | Killed Edmund
  3596 | D:4      | Reached skill level 7 in Unarmed Combat
  3596 | D:4      | HP: 2/44 [poisoned by Edmund]
  3598 | D:4      | Succumbed to Edmund's poison

Vanquished Creatures
  Edmund (D:4)
  An ogre (D:4)
  A bullfrog (D:2)
  An orc priest (D:4)
  An iguana (D:4)
  A worker ant (D:4)
  6 adders
  3 worms (D:3)
  3 dart slugs (D:1)
  2 leopard geckos
  10 orcs
  5 giant cockroaches
  5 goblins
  4 hobgoblins
  9 jackals
  5 kobolds
  10 bats
  3 frilled lizards
  8 rats
79 creatures vanquished.

Table legend: (Time is in decaauts)
 A = Elapsed time spent in this place.
 B = Non-inter-level travel time spent in this place.
 C = Inter-level travel time spent in this place.
 D = Time resting spent in this place.
 E = Time spent auto-exploring this place.
 F = Levels seen in this place.
 G = Mean time per level.
                   A        B        C        D        E       F      G
               +--------+--------+--------+--------+--------+-----+--------+
         Total |   3577 |   3504 |     73 |      0 |   3015 |   4 |  894.2 |
       Dungeon |   3577 |   3504 |     73 |      0 |   3015 |   4 |  894.2 |
               +--------+--------+--------+--------+--------+-----+--------+

Top non-repeatable levels by time:
     D:2: 1201 daAuts
     D:1: 1107 daAuts
     D:3: 731 daAuts
     D:4: 536 daAuts

Table legend:
 A = Non-vault XP
 B = Vault XP
 C = Vault XP percentage of total XP
 D = Non-vault monster count
 E = Vault monster count
 F = Vault count percentage of total count
                 A         B        C        D         E       F
            +---------+---------+-------+---------+---------+-------
      Total |     541 |     162 |  23.0 |      78 |       1 |   1.3
            +---------+---------+-------+---------+---------+-------
        D:1 |      42 |       0 |   0.0 |      23 |       0 |   0.0
        D:2 |     187 |       0 |   0.0 |      29 |       0 |   0.0
        D:3 |      63 |       0 |   0.0 |      15 |       0 |   0.0
        D:4 |     249 |     162 |  39.4 |      11 |       1 |   8.3
            +---------+---------+-------+---------+---------+-------
